 Dungeon Crawl Stone Soup version 0.17-a0-1741-gd5e8965 (webtiles) character file.

93 kosy22 the Covered (level 4, -4/40 HPs)
             Began as a Minotaur Fighter on Aug 31, 2015.
             Slain by Blork the orc
             ... wielding a +0 battleaxe
              (9 damage)
             ... on level 4 of the Dungeon.
             The game lasted 00:07:20 (2332 turns).

kosy22 the Covered (Minotaur Fighter)               Turns: 2332, Time: 00:07:20

Health: -4/40      AC:  8    Str: 22    XL:     4   Next: 36%
Magic:  3/3        EV:  3    Int:  5    God:
Gold:   98         SH: 10    Dex:  9    Spells: 0 memorised, 3 levels left

rFire  . . .     SeeInvis .     i - +1 spear (venom)
rCold  . . .     Clarity  .     b - +0 scale mail
rNeg   . . .     SustAt   .     c - +1 shield
rPois  +         Gourm    .     (helmet restricted)
rElec  .         Spirit   .     (no cloak)
rCorr  .         Warding  .     (no gloves)
rMut   .         Stasis   .     m - +0 pair of boots
MR     .....                    (no amulet)
Stlth  ..........               (no ring)
                                k - ring of poison resistance

@: glowing, not resistant to hostile enchantments, extremely unstealthy
A: retaliatory headbutt, horns 2
a: no special abilities


You were on level 4 of the Dungeon.
You were full.

You visited 1 branch of the dungeon, and saw 4 of its levels.

You collected 98 gold pieces.

Inventory:

Hand weapons
 a - a +0 trident
 i - a +1 spear of venom (weapon)
Armour
 b - a +0 scale mail (worn)
 c - a +1 shield (worn)
 j - a +0 ring mail
 m - a +0 pair of boots (worn)
 n - a +0 helmet
Jewellery
 k - a ring of poison resistance (left hand)
 r - an uncursed amulet of inaccuracy
Scrolls
 p - a scroll of teleportation {unknown}
 t - a scroll of remove curse
Potions
 d - 2 potions of might
 e - a potion of degeneration {unknown}
 f - a potion of cancellation {unknown}
 l - 2 potions of curing
 o - 2 potions of lignification {unknown}
 q - 2 potions of poison {unknown}
 s - a potion of brilliance {unknown}
Comestibles
 g - a bread ration
 h - 2 meat rations


   Skills:
 + Level 4.1 Fighting
 + Level 3.2 Polearms
 + Level 4.6 Armour
 + Level 1.4 Dodging
 + Level 4.3 Shields


You had 3 spell levels left.
You didn't know any spells.

Dungeon Overview and Level Annotations

Branches:
Dungeon (4/15)
 Temple: D:4-7

Altars:
Nemelex Xobeh
Qazlal

Annotations:
D:4 Blork the orc, Dowan, Duvessa


Innate Abilities, Weirdness & Mutations

You reflexively headbutt those who attack you in melee.
You have a pair of horns on your head.


Message History

Dowan is heavily wounded.
Dowan hisses, "Insulting my beauty only makes me fight harder!"
Dowan drinks a potion.
Dowan is healed!
Dowan looks more healthy.
Blork the orc hits you with a battleaxe.
Duvessa hits you but does no damage. Dowan closely misses you.
You barely miss Dowan.
Dowan is heavily wounded.
Duvessa hits you but does no damage.
Blork the orc casts a spell.
Blork the orc seems to speed up.
Dowan hits you with a dagger.
You barely miss Dowan.
Dowan is heavily wounded.
Blork the orc screams, "I'll crush all your ribs!
One by one!"
Blork the orc hits you with a battleaxe!
* * * LOW HITPOINT WARNING * * *
Duvessa hits you with a short sword.
* * * LOW HITPOINT WARNING * * *
You block Dowan's attack.
Blork the orc hits you with a battleaxe!
You die...

......+ .....#
.....# ..
#....# ...
#+####....##...
.$.............
...............
......ee..#
.......@..##...
.......o.......
..##......##...
. #......# ..
#.....># .
........#
..........
..[.........
.............


You could see Duvessa, Blork the orc and Dowan.

Vanquished Creatures
  3 adders
  2 worms (D:3)
  A giant gecko (D:1)
  2 orcs (D:3)
  6 goblins
  7 hobgoblins
  6 jackals
  2 quokkas
  10 bats
  3 giant cockroaches
  3 giant newts
  5 kobolds
  5 rats
  A plant (D:3)
56 creatures vanquished.

Notes
Turn   | Place    | Note
--------------------------------------------------------------
     0 | D:1      | kosy22 the Minotaur Fighter began the quest for the Orb.
     0 | D:1      | Reached XP level 1. HP: 19/19 MP: 0/0
   301 | D:1      | Reached XP level 2. HP: 27/27 MP: 1/1
   556 | D:1      | Reached skill level 4 in Shields
   921 | D:2      | Reached XP level 3. HP: 33/33 MP: 2/2
  1323 | D:2      | Found a sparkling altar of Nemelex Xobeh.
  1717 | D:3      | Reached skill level 1 in Dodging
  1725 | D:3      | You fall through a shaft!
  1768 | D:3      | Reached XP level 4. HP: 36/40 MP: 3/3
  1855 | D:3      | Found a stormy altar of Qazlal.
  2318 | D:4      | Noticed Blork the orc
  2318 | D:4      | Noticed Duvessa
  2318 | D:4      | Noticed Dowan
  2332 | D:4      | Slain by Blork the orc

Vault maps used:
D:1:      dpeg_arrival_pits
D:2:      nemelex_xobeh_ov_fountains_minmay
D:3:      nicolae_overflow_hidden_temple, minmay_crystal_room, corexii_shack,
          corexii_item_surrounded_by_moat
D:4:      serial_shops, nicolae_shop_statue_plus, uniq_blork_the_orc,
          uniq_duvessa, uniq_natasha

Action                   |  1- 3 |  4- 6 || total
-------------------------+-------+-------++-------
Melee: Trident           |    32 |       ||    32
       Spear             |    57 |    44 ||   101
  Use: Scroll            |     7 |     1 ||     8
  Eat: Meat ration       |     1 |       ||     1
       Bread ration      |     1 |       ||     1
       Pizza             |     1 |       ||     1
